 Dungeon Crawl Stone Soup version 0.29.0-5-ge4962eb29e (webtiles) character file.

Game seed: 3380172505047289061

147416 Plasmagod the Executioner (level 16, 0/228 HPs)
             Began as a Minotaur Berserker on Aug 28, 2022.
             Was a High Priest of Trog.
             Shot with an arrow by a naga sharpshooter (7 damage)
             ... led by Vashnia
             ... on level 3 of the Snake Pit.
             The game lasted 01:19:52 (29867 turns).

Plasmagod the Executioner (Minotaur Berserker)     Turns: 29867, Time: 01:19:53

Health: 0/228      AC: 32    Str: 27    XL:     16   Next: 91%
Magic:  15/15      EV: 15    Int:  6    God:    Trog [*****.]
Gold:   750        SH:  0    Dex: 11    Spells: 15/15 levels left

rFire   . . .      SeeInvis .   p - +10 battleaxe "Jadickog" {holy, rPois}
rCold   + . .      Faith    .   (shield currently unavailable)
rNeg    . . .      Spirit   .   X - +2 plate armour {rC+}
rPois   +          Reflect  .   N - +0 hat
rElec   .          Harm     .   V - +1 cloak
rCorr   .          Rampage  .   o - +2 pair of gloves
Will    +++..                   B - +1 pair of boots
Stlth   ..........              U - amulet of regeneration
HPRegen 2.28/turn               C - +4 ring of protection
MPRegen 0.14/turn               c - +4 ring of evasion

@: berserking, strong-willed, regenerating, very quick
A: horns 2, retaliatory headbutt, iridescent scales 1
a: Renounce Religion, Berserk, Trog's Hand, Brothers in Arms


You were on level 3 of the Snake Pit.
You worshipped Trog.
Trog was extremely pleased with you.
You visited 4 branches of the dungeon, and saw 26 of its levels.
You also visited: Ice Cave.

You collected 2529 gold pieces.
You spent 1779 gold pieces at shops.

Inventory:

Hand Weapons
 a - a +0 broad axe
 p - the +10 battleaxe "Jadickog" (weapon) {holy, rPois}
   (You acquired it on level 2 of the Snake Pit)

   It has been blessed by the Shining One to cause great damage to the undead
   and demons.
   rPois:     It protects you from poison.
 R - a +6 executioner's axe of flaming
 T - the +9 lajatang of Dippeg {flame, Drain +Blink rPois Str+6}
   (Trog gifted it to you on level 5 of the Lair of Beasts)

   It burns those it strikes, dealing additional fire damage.
   Big, fiery blades are also staple armaments of hydra-hunters.
   Str:       It affects your strength (+6).
   rPois:     It protects you from poison.
   +Blink:    It lets you blink.
   Drain:     It drains your maximum health when unequipped.
Missiles
 b - 4 throwing nets (quivered)
 F - 4 javelins
Armour
 o - a +2 pair of gloves (worn)
 B - a +1 pair of boots (worn)
 E - a +2 tower shield of cold resistance
 N - a +0 hat (worn)
 V - a +1 cloak (worn)
 X - a +2 plate armour of cold resistance (worn)
Jewellery
 c - a +4 ring of evasion (right hand)
 u - a ring of resist corrosion
 C - a +4 ring of protection (left hand)
 J - a ring of protection from cold
 Q - a ring of see invisible
 U - an amulet of regeneration (around neck)
 Y - a ring of poison resistance
Wands
 s - a wand of flame (34)
 w - a wand of paralysis (5)
 y - a wand of quicksilver (16)
 z - a wand of mindburst (15)
 P - a wand of roots (23)
Scrolls
 e - 4 scrolls of noise
 h - 4 scrolls of blinking
 i - 9 scrolls of teleportation
 k - 4 scrolls of enchant armour
 l - 3 scrolls of magic mapping
 m - 4 scrolls of fear
 r - 4 scrolls of summoning
 H - 3 scrolls of enchant weapon
 L - a scroll of butterflies
 O - 11 scrolls of identify
 S - 7 scrolls of immolation
 W - a scroll of brand weapon
Potions
 d - 7 potions of curing
 f - 4 potions of lignification
 g - 5 potions of attraction
 j - 3 potions of flight
 n - 7 potions of haste
 q - 7 potions of heal wounds
 t - 3 potions of invisibility
 v - 3 potions of cancellation
 x - 6 potions of mutation
 A - 3 potions of ambrosia
 D - 3 potions of resistance
 G - 6 potions of might
 I - a potion of berserk rage
 M - 2 potions of magic
Miscellaneous
 K - a box of beasts


   Skills:
 + Level 16.5 Fighting
 - Level 24.0 Axes
 - Level 12.0 Armour
 - Level 12.0 Dodging
 - Level 12.0 Evocations


You had 15 spell levels left.
You didn't know any spells.
Your spell library was empty.

Dungeon Overview and Level Annotations

Branches:
Dungeon (15/15)            Temple (0/1) D:6            Lair (5/5) D:8
 Shoals (0/4) Lair:3        Snake (4/4) Lair:2        Slime (0/5) Lair:4
    Orc (2/2) D:9             Elf (0/3) Orc:2        Vaults (0/5) D:14
 Depths (0/4) D:15          IceCv (visited)

Altars:
Elyvilon
Gozag
Okawaru
Ru

Shops:
D:7 *   D:9 *   D:12 (   Orc:1 =   Orc:2 =[(*   Snake:2 [

Portals:
Trove: D:11 (show abyssal rune of Zot)

Annotations:
D:10 exclusion: ice statue
Snake:2 3 runed translucent doors, Soawkar's ghost, adept GrFi
Snake:3 Vashnia


Innate Abilities, Weirdness & Mutations

You have a pair of horns on your head.
You reflexively headbutt those who attack you in melee.
You are partially covered in iridescent scales. (AC +2)


Message History

* * * LOW HITPOINT WARNING * * *
Your ogre barely misses Vashnia.
You slice Vashnia!! Your headbutt misses Vashnia.
Vashnia is moderately wounded.
You closely miss Vashnia. You headbutt Vashnia!!
Vashnia is moderately wounded.
Vashnia shoots a bolt.
The bolt hits you!!
* * * LOW HITPOINT WARNING * * *
The bolt burns you.
* * * LOW HITPOINT WARNING * * *
You are too berserk!
You barely miss Vashnia. You headbutt Vashnia.
Vashnia is moderately wounded.
Your ogre closely misses Vashnia.
You hit Vashnia. Your headbutt misses Vashnia.
Vashnia is moderately wounded.
Vashnia casts a spell.
Vashnia magically shoots a bolt.
The bolt hits you.
* * * LOW HITPOINT WARNING * * *
The bolt burns you.
* * * LOW HITPOINT WARNING * * *
The naga sharpshooter mumbles some strange words.
You slice Vashnia!! You headbutt Vashnia.
Vashnia is severely wounded.
Your ogre misses Vashnia.
The naga sharpshooter gestures wildly while chanting.
The naga sharpshooter magically shoots a bolt.
The bolt barely misses you.
You slice Vashnia like a ripe choko!!!
Vashnia is almost dead.
Vashnia spits poison at you.
The splash of poison hits you but does no damage.
You resist.
The naga sharpshooter casts a spell.
The naga sharpshooter magically shoots an arrow.
The arrow hits you but does no damage.
The naga sharpshooter mumbles some strange words.
The naga sharpshooter magically shoots an arrow.
The arrow hits you!
You die...

..............##.................
..#####..##......................
#..##...#.....##...............##
..............##...............##
........##..####..N.............#
.).........### #..).............#
.......##....## #NNN.[.[......#..
..###.#...##..###NN)<).#......#..
..##..#)#####.##@O.##)####.##..).
..##.............####[# #(###...
........#####....####!## #.# #...
.......######..........###.###†..
.................................
##.............######............
..)..##........# #............
.....##........# #............
....###........## ###............


You could see Vashnia (catching breath, ally target), 5 naga sharpshooters and a
friendly ogre (summoned, berserk).

Vanquished Creatures
  Jorgrun (D:13)
  Asterion (Snake:3)
  Gastronok (Lair:1)
  3 nagarajas (Snake:3)
  2 frost giants (IceCv)
  An orc warlord (Orc:2)
  Aizul (Snake:3)
  An emperor scorpion (D:15)
  An ironbound preserver (D:14)
  Azrael (Snake:3)
  A white draconian (IceCv)
  Snorg (D:14)
  Harold (Lair:2)
  An ogre mage (D:15)
  Fannar (Lair:2)
  7 ice dragons (IceCv)
  6 ironbound frosthearts (IceCv)
  4 boulder beetles
  Erica (D:9)
  5 two-headed ogres
  7 hydras
  A death knight (D:13)
  4 death yaks (Lair:1)
  A merfolk avatar (Lair:5)
  7 centaur warriors
  2 catoblepae
  4 naga warriors
  4 anacondas
  An orc high priest (Orc:2)
  3 shock serpents
  Urug (D:10)
  Nergalle (Lair:3)
  3 naga sharpshooters
  A skeletal warrior (D:13)
  3 sea snakes
  An orange crystal statue (IceCv)
  2 naga ritualists
  A lindwurm (shapeshifter) (D:13)
  3 orc knights (Orc:2)
  2 deep elf pyromancers (D:13)
  6 orc sorcerers
  2 harpies (Lair:5)
  10 cyclopes
  13 ugly things
  4 mana vipers
  8 manticores
  6 salamanders
  An elephant (shapeshifter) (D:15)
  A black mamba (shapeshifter) (D:13)
  8 naga magi
  24 elephants
  2 torpor snails
  A guardian serpent (Snake:3)
  16 black mambas
  2 gargoyles
  12 cane toads
  A kobold demonologist (D:8)
  A rime drake (shapeshifter) (D:13)
  9 komodo dragons
  16 rime drakes
  2 freezing wraiths (D:15)
  2 unseen horrors
  4 yaktaurs
  6 trolls
  A wind drake (Lair:3)
  A queen bee (shapeshifter) (D:15)
  11 slime creatures
  31 blink frogs
  17 polar bears
  2 hornets
  5 dream sheep (Lair:5)
  A vampire (D:12)
  A centaur simulacrum (D:14)
  5 wyverns
  5 wraiths
  56 yaks
  A fire elemental (Snake:3)
  4 steam dragons
  5 vampire mosquitoes
  5 basilisks
  22 nagas
  3 acid dragons
  14 water moccasins
  3 hell hounds (Snake:3)
  4 wargs
  18 orc warriors
  An ice beast (D:7)
  4 sky beasts (D:7)
  A black bear (Lair:1)
  5 ogres
  10 wolves
  5 centaurs (D:13)
  2 kobold brigands
  A gnoll sergeant (D:10)
  3 bullfrogs
  2 necrophages
  A scorpion (D:7)
  13 killer bees
  3 electric eels (D:8)
  2 lava snakes (D:15)
  5 hounds
  3 jellies
  19 orc priests
  8 iguanas
  11 orc wizards
  5 hell rats (Lair:4)
  9 adders
  3 gnolls (D:10)
  2 white imps (D:8)
  2 ufetubi
  3 dart slugs
  34 orcs
  5 bats
  9 endoplasms
  7 giant cockroaches
  6 goblins
  7 hobgoblins
  19 jackals
  5 quokkas
  A ball python (D:2)
  4 frilled lizards
  21 kobolds
  2 rats
708 creatures vanquished.

Vanquished Creatures (collateral kills)
  An orc warlord (Orc:2)
  An orc sorcerer (Orc:2)
  2 ugly things
  A cyclops (D:11)
  A polar bear (IceCv)
  A warg (Orc:2)
  An orc warrior (Orc:2)
  A centaur (D:11)
  An orc priest (Orc:2)
  2 orc wizards (Orc:2)
  An orc (Orc:2)
13 creatures vanquished.

Vanquished Creatures (others)
  An orc (Orc:2)
  2 demonic plants (D:1)
  30 fungi
  68 plants
101 creatures vanquished.

Grand Total: 822 creatures vanquished

Notes
Turn   | Place    | Note
-------+----------+-------------------------------------------
     0 | D:1      | Plasmagod the Minotaur Berserker began the quest for the
                  | Orb.
     0 | D:1      | Reached XP level 1. HP: 19/19 MP: 0/0
    86 | D:1      | Reached skill level 4 in Axes
   279 | D:1      | Reached XP level 2. HP: 25/26 MP: 1/1
   531 | D:1      | Reached ** piety under Trog
   532 | D:1      | Reached skill level 5 in Axes
   541 | D:1      | Reached XP level 3. HP: 21/31 MP: 2/2
   827 | D:1      | Found a faded altar of an unknown god.
  1460 | D:2      | Reached skill level 6 in Axes
  1460 | D:2      | Reached XP level 4. HP: 39/39 MP: 3/3
  2721 | D:3      | Reached skill level 7 in Axes
  2721 | D:3      | Reached XP level 5. HP: 45/45 MP: 4/4
  2826 | D:3      | Reached *** piety under Trog
  3430 | D:4      | Reached skill level 8 in Axes
  3448 | D:4      | Reached XP level 6. HP: 44/51 MP: 5/5
  3831 | D:4      | Reached skill level 9 in Axes
  4092 | D:5      | Entered Level 5 of the Dungeon
  4346 | D:5      | Reached XP level 7. HP: 57/57 MP: 6/6
  4925 | D:6      | Reached skill level 10 in Axes
  5016 | D:6      | Found a staircase to the Ecumenical Temple.
  5725 | D:6      | Noticed a hornet
  5734 | D:6      | Killed a hornet
  5735 | D:6      | Reached skill level 11 in Axes
  5928 | D:6      | Reached XP level 8. HP: 64/64 MP: 7/7
  6376 | D:7      | Found Olaokh's Fire Supplies.
  6444 | D:7      | Noticed a gargoyle
  6456 | D:7      | Killed a gargoyle
  6457 | D:7      | Reached skill level 12 in Axes
  6534 | D:7      | Reached skill level 13 in Axes
  7164 | D:7      | Reached skill level 14 in Axes
  7336 | D:7      | Reached XP level 9. HP: 61/70 MP: 8/8
  7894 | D:8      | Noticed a troll
  8000 | D:8      | Reached **** piety under Trog
  8171 | D:8      | Reached skill level 15 in Axes
  8540 | D:8      | Found a staircase to the Lair.
  8672 | D:8      | Killed a troll
  8673 | D:8      | Reached skill level 16 in Axes
  9187 | D:8      | Reached skill level 5 in Fighting
  9449 | D:9      | Reached XP level 10. HP: 86/86 MP: 9/9
  9497 | D:9      | Noticed Erica
  9916 | D:9      | Killed Erica
 10068 | D:9      | Found a staircase to the Orcish Mines.
 10097 | D:8      | Reached skill level 10 in Fighting
 10765 | D:9      | Found Fautaw's Assorted Antiques.
 10999 | D:10     | Entered Level 10 of the Dungeon
 11228 | D:10     | Found a white marble altar of Elyvilon.
 11244 | D:10     | Noticed an ice statue
 11349 | D:10     | Noticed Urug
 11361 | D:10     | Killed Urug
 11571 | D:10     | Noticed a two-headed ogre
 11577 | D:10     | Killed a two-headed ogre
 11578 | D:10     | Reached XP level 11. HP: 107/107 MP: 10/10
 11788 | D:9      | Bought a bubbling brown potion for 19 gold pieces
 11833 | D:11     | Found a portal to a secret trove of treasure.
 11917 | D:11     | Noticed a two-headed ogre
 11923 | D:11     | Noticed a two-headed ogre
 11927 | D:11     | Killed a two-headed ogre
 11931 | D:11     | Killed a two-headed ogre
 11946 | D:11     | Noticed a green ugly thing
 11961 | D:11     | Killed a green ugly thing
 12405 | D:11     | Reached skill level 15 in Fighting
 12727 | D:11     | Noticed a two-headed ogre
 12734 | D:11     | Killed a two-headed ogre
 12808 | D:11     | Identified the +8 short sword of Dengis {pain, Int+6 Dex-5
                  | Stlth+}
 13189 | D:11     | Reached ***** piety under Trog
 13656 | D:12     | Noticed a cyan ugly thing
 13657 | D:12     | Found Weetuj's Antique Weapon Shop.
 13668 | D:12     | Killed a cyan ugly thing
 13892 | D:12     | Noticed a seven-headed hydra
 13897 | D:12     | Noticed a purple ugly thing
 13901 | D:12     | Killed a seven-headed hydra
 13902 | D:12     | Reached skill level 17 in Axes
 13910 | D:12     | Killed a purple ugly thing
 13911 | D:12     | Reached XP level 12. HP: 122/122 MP: 11/11
 14001 | D:12     | Noticed a boulder beetle
 14009 | D:12     | Killed a boulder beetle
 14647 | D:12     | Noticed a five-headed hydra
 14658 | D:12     | Killed a five-headed hydra
 14659 | D:12     | Reached skill level 18 in Axes
 15075 | Lair:1   | Entered Level 1 of the Lair of Beasts
 15130 | Lair:1   | Noticed Gastronok
 15142 | Lair:1   | Killed Gastronok
 15286 | Lair:1   | Noticed a death yak
 15287 | Lair:1   | Noticed a death yak
 15292 | Lair:1   | Noticed a death yak
 15292 | Lair:1   | Noticed a death yak
 15298 | Lair:1   | Killed a death yak
 15299 | Lair:1   | Reached skill level 19 in Axes
 15299 | Lair:1   | Killed a death yak
 15309 | Lair:1   | Killed a death yak
 15313 | Lair:1   | Killed a death yak
 15632 | Lair:1   | Reached skill level 20 in Axes
 16188 | Lair:2   | Reached skill level 5 in Armour
 16239 | Lair:2   | Found a staircase to the Snake Pit.
 16245 | Lair:2   | Noticed Harold
 16262 | Lair:2   | Killed Harold
 16263 | Lair:2   | Reached XP level 13. HP: 94/128 MP: 12/12
 17015 | Lair:2   | Noticed Fannar
 17021 | Lair:2   | Killed Fannar
 17036 | Lair:2   | Reached skill level 10 in Armour
 17196 | Lair:2   | You fall into a shaft and drop 2 floors!
 17409 | Lair:3   | Noticed Nergalle
 17423 | Lair:3   | Killed Nergalle
 17475 | Lair:3   | Received a gift from Trog
 17822 | Lair:3   | Found a staircase to the Shoals.
 18963 | Lair:4   | Reached skill level 21 in Axes
 19672 | Lair:4   | Found a staircase to the Slime Pits.
 20003 | Lair:5   | Entered Level 5 of the Lair of Beasts
 20012 | Lair:5   | Reached XP level 14. HP: 137/137 MP: 4/13
 20577 | Lair:5   | Reached skill level 22 in Axes
 21426 | Lair:5   | Reached skill level 23 in Axes
 21492 | Lair:5   | Identified the +9 lajatang of Dippeg {flame, Drain +Blink
                  | rPois Str+6} (Trog gifted it to you on level 5 of the Lair
                  | of Beasts)
 21492 | Lair:5   | Received a gift from Trog
 22218 | Orc:1    | Entered Level 1 of the Orcish Mines
 22269 | Orc:1    | Found Xiol Lokk's Jewellery Shop.
 22279 | Orc:1    | Gained mutation: You are partially covered in iridescent
                  | scales. (AC +2) [a neqoxec]
 22287 | Orc:1    | Reached skill level 24 in Axes
 22310 | Orc:1    | Bought an amulet of regeneration for 330 gold pieces
 22634 | Orc:2    | Entered Level 2 of the Orcish Mines
 22636 | Orc:2    | Noticed an orc warlord
 22649 | Orc:2    | Killed an orc warlord
 22844 | Orc:2    | Reached skill level 5 in Dodging
 22889 | Orc:2    | Reached XP level 15. HP: 116/144 MP: 4/14
 22945 | Orc:2    | Paralysed by an orc sorcerer for 2 turns
 22970 | Orc:2    | Noticed an orc warlord
 22986 | Orc:2    | Killed an orc warlord
 22993 | Orc:2    | Found Mien's Antique Weapon Emporium.
 23001 | Orc:2    | Found Wiotier's Antique Armour Emporium.
 23006 | Orc:2    | Found Laaff's Jewellery Emporium.
 23089 | Orc:2    | Found a staircase to the Elven Halls.
 23109 | Orc:2    | Found Joxa's General Store.
 23133 | Orc:2    | Bought a glowing cloak for 232 gold pieces
 23170 | Orc:2    | Bought a pitted bardiche for 392 gold pieces
 23170 | Orc:2    | Identified the +3 bardiche "Equom" {flame, rPois rC+ Str-5}
                  | (You bought it in a shop on level 2 of the Orcish Mines)
 23295 | Orc:2    | Found an iron altar of Okawaru.
 23529 | Orc:2    | Bought a shiny plate armour for 806 gold pieces
 24201 | D:13     | Reached skill level 10 in Dodging
 24248 | D:13     | Identified the +0 leather armour of the Wumpus {-Cast rPois
                  | Regen+ Str+4}
 24342 | D:13     | Noticed Jorgrun
 24361 | D:13     | Killed Jorgrun
 24663 | D:14     | Found a gate to the Vaults.
 24675 | D:14     | Received a gift from Trog
 24734 | D:14     | Identified the +5 ring mail of the Loofah {rElec rN+ rCorr
                  | Int-2}
 24817 | D:14     | Noticed Snorg
 24825 | D:14     | Killed Snorg
 25110 | D:14     | Found an opulent altar of Gozag.
 25337 | D:15     | Entered Level 15 of the Dungeon
 25401 | D:15     | Reached skill level 1 in Evocations
 25471 | D:15     | Found a frozen archway.
 25486 | IceCv    | Entered an ice cave
 25809 | IceCv    | Reached skill level 5 in Evocations
 25914 | IceCv    | Reached XP level 16. HP: 134/151 MP: 5/15
 26716 | D:15     | Found a staircase to the Depths.
 27190 | Snake:1  | Entered Level 1 of the Snake Pit
 27832 | Snake:1  | Reached skill level 10 in Evocations
 27887 | Snake:1  | Found a sacrificial altar of Ru.
 28490 | Snake:2  | Noticed Soawkar's ghost (adept GrFi)
 28497 | Snake:2  | Found a runed translucent gate.
 28498 | Snake:2  | Found a runed translucent gate.
 28499 | Snake:2  | Found a runed translucent gate.
 28576 | Snake:2  | Found Usow Purch's Armour Shoppe.
 28587 | Snake:2  | Identified a scroll of acquirement
 29109 | Snake:2  | Acquired the +10 battleaxe "Jadickog" {holy, rPois}
 29124 | Snake:3  | Noticed Azrael
 29134 | Snake:3  | Killed Azrael
 29255 | Snake:3  | Noticed Asterion
 29261 | Snake:3  | Noticed an Executioner
 29275 | Snake:3  | Killed Asterion
 29407 | Snake:3  | Noticed Vashnia
 29414 | Snake:4  | Entered Level 4 of the Snake Pit
 29490 | Snake:3  | Noticed Aizul
 29510 | Snake:3  | Killed Aizul
 29863 | Snake:3  | HP: 11/228 [Vashnia/bolt (20)]
 29865 | Snake:3  | HP: 5/228 [Vashnia/bolt (1)]
 29867 | Snake:3  | Shot with an arrow by a naga sharpshooter

Illustrated notes

Levels and vault maps discovered:
D:1:      lemuel_arrival_muddy, layout_loops_corners,
          shapermc_ecumenical_altar_gd
D:2:      layout_loops_ring, st_stairs_2, minmay_between
D:3:      layout_basic
D:4:      layout_basic
D:5:      layout_gridville
D:6:      layout_layer_cave, minmay_temple_entry_offerings
D:7:      layout_basic, nicolae_shop_fire_sale [nicolae_sub_dead_trees]
D:8:      layout_basic, erik_lair_island
D:9:      layout_rooms, david_orc_3, serial_shops, nicolae_shop_trees,
          uniq_erica
D:10:     layout_roguey, elyvilon_altar_4, minmay_statue_bubble, uniq_urug,
          uniq_maggie
D:11:     layout_long_grid, enter_trove_1, minmay_starry_boxes
D:12:     layout_rooms, serial_shops, nicolae_shop_stone
D:13:     minmay_blocking_statues, layout_basic, minivault_4, uniq_jorgrun
D:14:     layout_loops_ring, skrybe_vaults_entry_preservation,
          grunt_gozag_breadcrumbs, uniq_snorg
D:15:     hangedman_depths_entry_try_elsewhere_first, layout_long_grid,
          portal_ice_cave_entry_pillars_1, hangedman_decor_slide_cut,
          kennysheep_inner_square
Lair:1:   layout_chaotic_city, serial_bayou_shore_b, uniq_gastronok
Lair:2:   layout_big_grid, guppyfry_snake_entry_island, serial_bayou_crossing,
          grunt_megastairs_2, serial_bayou_shore_b, uniq_fannar, uniq_harold
Lair:3:   layout_hall_layers, minmay_shoals_entry_beasts, uniq_nergalle
Lair:4:   layout_small_grid, slime_entry_1
Lair:5:   gammafunk_lair_ancient_temple, layout_big_grid
Snake:1:  layout_gridlike, basic_altar, grunt_megastairs_5
Snake:2:  layout_concentric_octagons, serial_shops, shop, gammafunk_ghost_split
Snake:3:  layout_rooms, uniq_asterion, uniq_aizul, uniq_vashnia, uniq_azrael
Snake:4:  hellmonk_snake_rune_quicksilver_temple, layout_onion,
          grunt_megastairs_1
Orc:1:    layout_diamond_mine, serial_shops, shop
Orc:2:    grunt_orc_cross, layout_caves, okawaru_metal_pillars_1_2

Skill      XL: |  1  2  3  4  5  6  7  8  9 10 11 12 13 14 15 16 |
---------------+-------------------------------------------------+-----
Axes           | 4 5 6 7 8 9 11 14 16 17 20 21 24 | 24.0
Fighting       | 7 13 16 | 16.5
Armour         | 6 12 | 12.0
Dodging        | 6 12 | 12.0
Evocations     | 6 12 | 12.0

Action                   |  1- 3 |  4- 6 |  7- 9 | 10-12 | 13-15 | 16-18 || total
-------------------------+-------+-------+-------+-------+-------+-------++-------
Melee: Hand axe          |    85 |    47 |       |       |       |       ||   132
       Headbutt          |    16 |    10 |    34 |    97 |   158 |    84 ||   399
       Punch             |     1 |       |     2 |     5 |       |       ||     8
       Trident           |       |    99 |   118 |    76 |    30 |     8 ||   331
       War axe           |       |       |   102 |   154 |       |       ||   256
       Battleaxe         |       |       |       |   211 |   100 |   108 ||   419
       Executioner's axe |       |       |       |       |   626 |   204 ||   830
Throw: Javelin           |       |       |       |       |     4 |       ||     4
Invok: Berserk           |     1 |     1 |     3 |    14 |    14 |     8 ||    41
       Trog's Hand       |       |       |       |     4 |     9 |     6 ||    19
       Brothers in Arms  |       |       |       |       |     2 |     2 ||     4
  Use: Scroll            |       |       |    18 |     7 |     9 |     3 ||    37
       Potion            |       |       |       |     2 |     3 |     2 ||     7
 Stab: Sleeping          |     2 |       |       |       |       |       ||     2
       Distracted        |       |       |       |       |       |     1 ||     1
Armor: Animal skin       |    13 |    28 |       |       |       |       ||    41
       Scale mail        |       |     3 |    70 |       |       |       ||    73
       Plate armour      |       |       |       |   285 |   470 |   212 ||   967
Dodge: Dodged            |    64 |    62 |    88 |   164 |   434 |   182 ||   994
